 Dungeon Crawl Stone Soup version 0.27-a0-1431-gcffa5a9b16 (webtiles) character file.

Game seed: 17788100076366193490

61 flotson the Sneak (level 4, -4/30 HPs)
             Began as an Octopode Brigand on July 3, 2021.
             Shot with a sling bullet by a goblin (7 damage)
             ... led by Robin
             ... on level 2 of the Dungeon.
             The game lasted 00:03:15 (2097 turns).

flotson the Sneak (Octopode Brigand)                Turns: 2097, Time: 00:03:16

Health: -4/30      AC:  1    Str: 11    XL:     4   Next: 7%
Magic:  4/4        EV: 13    Int: 13    God:
Gold:   74         SH:  0    Dex: 13    Spells: 3/3 levels left

rFire    . . .     SeeInvis .   a - +0 hand axe
rCold    . . .     Faith    .   (no shield)
rNeg     . . .     Spirit   .   (helmet restricted)
rPois    .         Reflect  .   (no amulet)
rElec    .         Harm     .   d - ring of willpower
rCorr    .         Rampage  .   (no ring)
Will     +....                  (no ring)
Stlth    ++++......             (no ring)
HPRegen  0.10/turn              (no ring)
MPRegen  0.09/turn              (no ring)
                                (no ring)
                                (no ring)

@: no status effects
A: almost no armour, amphibious, 8 rings, camouflage 1, gelatinous body 1,
(nimble swimmer 1), tentacles
a: no special abilities


You were on level 2 of the Dungeon.
You visited 1 branch of the dungeon, and saw 2 of its levels.

You collected 104 gold pieces.
You spent 30 gold pieces at shops.

Inventory:

Hand Weapons
 a - a +0 hand axe (weapon)
Missiles
 b - 6 poisoned darts (quivered)
 c - 2 curare-tipped darts
Jewellery
 d - a ring of willpower (left tentacle)
Scrolls
 g - a scroll of immolation {unknown}
 h - 2 scrolls of identify {unknown}
Potions
 e - 3 potions of brilliance {unknown}
 f - 3 potions of heal wounds {unknown}
 j - a potion of degeneration {unknown}
 k - a potion of attraction {unknown}


   Skills:
 + Level 2.5 Fighting
 - Level 2.0 Short Blades
 + Level 1.4 Axes
 + Level 2.5 Throwing
 + Level 1.8 Dodging
 + Level 5.8 Stealth


You had 3 spell levels left.
You didn't know any spells.
Your spell library contained the following spells:

 Spells                   Type           Power      Damage    Failure   Level
 Corona                   Hex            0%         N/A       30%         1
 Blink                    Tloc           N/A        N/A       43%         2
 Ensorcelled Hibernation  Hex/Ice        0%         N/A       43%         2
 Poisonous Vapours        Pois/Air       0%         N/A       43%         2
 Lesser Beckoning         Tloc           0%         N/A       67%         3
 Mephitic Cloud           Conj/Pois/Air  0%         N/A       67%         3
 Tukima's Dance           Hex            0%         N/A       67%         3
 Freezing Cloud           Conj/Ice/Air   0%         6-21      100%        5
 Manifold Assault         Tloc           0%         N/A       100%        5


Dungeon Overview and Level Annotations

Branches:
Dungeon (2/15)

Altars:

Shops:
D:2 !


Innate Abilities, Weirdness & Mutations

You cannot wear most types of armour.
You are amphibious.
You can wear up to eight rings at the same time.
Your skin changes colour to match your surroundings (Stealth+).
Your rubbery body absorbs attacks. (AC +1, EV +1)
((You are camouflaged near water. (Stealth+)))
You have tentacles for arms and can constrict up to eight enemies at once.


Message History

You kill the hobgoblin!
You hit Robin but do no damage. You grab Robin. You squeeze Robin!
Robin is heavily wounded.
You constrict Robin, but do no damage. Robin hits you with a +0 club.
* * * LOW HITPOINT WARNING * * *
Robin barely misses you.
You hit Robin but do no damage.
Robin is heavily wounded.
You constrict Robin. Robin completely misses you.
You hit Robin. You squeeze Robin, but do no damage.
Robin is severely wounded.
You constrict Robin.
Robin roars a battlecry!
The goblin goes into a battle-frenzy!
You hit Robin.
You kill Robin!
You have reached level 4!
Throw: 7 darts (poison)
Press: ? - help, Q - select action, (/) - cycle Shift-Dir - straight line, f - goblin
Aim: a goblin, wielding a +0 dagger (strong, 51% to hit)
You throw a poisoned dart. The poisoned dart hits the goblin.
The goblin is poisoned.
You barely miss the goblin.
The hobgoblin shouts!
You grab the goblin. You squeeze the goblin.
You kill the goblin!
The hobgoblin hits you.
* * * LOW HITPOINT WARNING * * *
Items here: ! )) [[.
The goblin shoots a sling bullet.
The sling bullet misses you.
You see here a poisoned dart.
Unknown command.
You feel better. The hobgoblin hits you.
* * * LOW HITPOINT WARNING * * *
Found a stone staircase leading down.
The goblin shoots a sling bullet.
The sling bullet barely misses you.
The goblin shoots a sling bullet.
The sling bullet hits you.
* * * LOW HITPOINT WARNING * * *
The goblin shoots a sling bullet.
The sling bullet hits you!
You die...

#............#.#..##.###.
#..##........#..g###.##..
#...##.........g.#####...#
#...##.................###
....#####......###.......
.##.# ...#....# ........
####....# ........ #g....#
...... #@#...# .....
#.....>#### #......#
#....... ########. .. ##


You could see a hobgoblin and a goblin.

Vanquished Creatures
  Robin (D:2)
  An adder (D:2)
  A worm (D:2)
  An orc (D:2)
  4 ball pythons
  An endoplasm (D:2)
  A giant cockroach (D:2)
  4 goblins
  5 hobgoblins
  5 jackals (D:2)
  2 bats
  3 frilled lizards (D:1)
  3 kobolds
  3 rats
35 creatures vanquished.

Notes
Turn   | Place    | Note
-------+----------+-------------------------------------------
     0 | D:1      | flotson the Octopode Brigand began the quest for the Orb.
     0 | D:1      | Reached XP level 1. HP: 14/14 MP: 1/1
     9 | D:1      | Noticed a bullfrog
   565 | D:1      | Reached XP level 2. HP: 19/19 MP: 2/2
  1145 | D:2      | Reached skill level 1 in Axes
  1145 | D:2      | Reached XP level 3. HP: 15/24 MP: 3/3
  1549 | D:2      | Noticed Robin
  1561 | D:2      | Found Nudesosk's Distillery.
  1705 | D:2      | Bought a potion of curing for 30 gold pieces
  1711 | D:2      | Found a faded altar of an unknown god.
  2079 | D:2      | Killed Robin
  2080 | D:2      | Reached XP level 4. HP: 3/30 MP: 4/4
  2082 | D:2      | HP: 1/30 [hobgoblin[Robin] (2)]
  2097 | D:2      | Shot with a sling bullet by a goblin

Illustrated notes

Levels and vault maps discovered:
D:1:      evilmike_arrival_come_back, layout_loops_corners
D:2:      layout_rooms, serial_shops, nicolae_shop_statue_plus,
          basic_ecumenical_altar, minmay_octomino_e4, uniq_robin

Skill      XL: |  1  2 |
---------------+-------+-----
Axes           | 1 |  1.4
Fighting       | |  2.5
Short Blades   | |  2.0
Throwing       | |  2.5
Dodging        | |  1.8
Stealth        | |  5.8

Action                   |  1- 3 |  4- 6 || total
-------------------------+-------+-------++-------
Melee: Hand axe          |    82 |     1 ||    83
       Constrict         |    21 |     1 ||    22
       Tentacles         |    15 |     1 ||    16
Throw: Dart              |     6 |     1 ||     7
  Use: Potion            |       |     1 ||     1
 Stab: Sleeping          |     7 |       ||     7
Armor: Skin              |     5 |       ||     5
Dodge: Dodged            |    48 |     2 ||    50

Table legend: (Time is in decaauts)
 A = Elapsed time spent in this place.
 B = Non-inter-level travel time spent in this place.
 C = Inter-level travel time spent in this place.
 D = Time resting spent in this place.
 E = Time spent auto-exploring this place.
 F = Levels seen in this place.
 G = Mean time per level.
                   A        B        C        D        E       F      G
               +--------+--------+--------+--------+--------+-----+--------+
         Total |   2117 |   2102 |     15 |      0 |   1796 |   2 | 1058.5 |
       Dungeon |   2117 |   2102 |     15 |      0 |   1796 |   2 | 1058.5 |
               +--------+--------+--------+--------+--------+-----+--------+

Top non-repeatable levels by time:
     D:2: 1124 daAuts
     D:1: 993 daAuts
